 Dungeon Crawl Stone Soup version 0.31-a0-656-gb4d89c20fa (webtiles) character file.

Game seed: 13923875813679150806

83913 javelincjr the Thaumaturge (level 15, -4/100 HPs)
             Began as a Demonspawn Conjurer on Aug 29, 2023.
             Was a High Priest of Vehumet.
             Slain by a fenstrider witch (13 damage)
             ... while paralysed by a fenstrider witch
             ... on level 4 of the Swamp on Aug 30, 2023.
             The game lasted 02:42:15 (26724 turns).

javelincjr the Thaumaturge (Demonspawn Conjurer)   Turns: 26724, Time: 02:42:16

Health: -4/100     AC: 15    Str: 16    XL:     15   Next: 33%
Magic:  22/33      EV:  2    Int: 30    God:    Vehumet [*****.]
Gold:   641        SH:  0    Dex: 16    Spells: 12/43 levels left

rFire   x . .        T - +11 dagger "Jioklich" {spect, Fly rElec rF- Str+4}
rCold   + + +        D - +1 buckler {rC+}
rNeg    . . .        p - +2 robe {rC+ rF+}
rPois   .            (no helmet)
rElec   +            n - +1 cloak
rCorr   .            G - +0 pair of gloves
SInv    .            X - +0 pair of boots of Sin {Regen+ Str+4 Int-2}
Will    ++...        L - amulet of Symmetry {Reflect Dex+4 SH+5}
Stlth   +++++        m - +6 ring of intelligence
HPRegen 1.16/turn    b - ring of ice
MPRegen 0.23/turn

%: reflection
@: paralysed, agile, lethally poisoned (-4 -> -4), flying
A: claws 2, icemail 1, powered by pain 2, sharp scales 3, condensation shield,
strong-willed 1
a: Renounce Religion


You were on level 4 of the Swamp.
You worshipped Vehumet.
Vehumet was extremely pleased with you.
You visited 4 branches of the dungeon, and saw 19 of its levels.

You collected 1185 gold pieces.
You spent 544 gold pieces at shops.

Inventory:

Hand Weapons
 T - the +11 dagger "Jioklich" (weapon) {spect, Fly rElec rF- Str+4}
   (You found it on level 5 of the Lair of Beasts)

   Str+4:     It affects your strength (+4).
   rF-:       It makes you vulnerable to fire.
   rElec:     It insulates you from electricity.
   Fly:       It grants you flight.
Armour
 n - a +1 cloak (worn)
 p - a +2 robe of resistance (worn)
 D - a +1 buckler of cold resistance (worn)
 E - +0 swamp dragon scales
 G - a +0 pair of gloves (worn)
 X - the +0 pair of boots of Sin (worn) {Regen+ Str+4 Int-2}
   (You found it on level 5 of the Lair of Beasts)

   Str+4:     It affects your strength (+4).
   Int-2:     It affects your intelligence (-2).
   Regen+:    It increases your rate of health regeneration.
 Y - a +1 robe of positive energy
Magical Staves
 y - the staff of Terra Cotta {rElec rC+ Conj}
   (You found it on level 5 of the Lair of Beasts)

   [staff of conjuration]

   Base accuracy: +5 Base damage: 5 Base attack delay: 1.2 This weapon's minimum
   attack delay (0.6) is reached at skill level 12.
   rC+:       It protects you from cold.
   rElec:     It insulates you from electricity.
   Conj:      It increases the power of your Conjurations spells.
   It falls into the 'Staves' category.
   It is a one-handed weapon.
 M - a staff of fire
 P - a staff of air
Jewellery
 b - a ring of ice (right hand)
 e - a ring of resist corrosion
 m - a +6 ring of intelligence (left hand)
 t - a +4 ring of slaying
 v - a +5 ring of evasion
 J - a ring of positive energy
 K - a ring of fire
 L - the amulet of Symmetry (around neck) {Reflect Dex+4 SH+5}
   (You bought it in a shop on level 1 of the Dungeon)

   [amulet of reflection]

   Reflect:   It reflects blocked missile attacks.
   Dex+4:     It affects your dexterity (+4).
   SH+5:      It affects your SH (+5).
 O - a +6 ring of strength
 Q - a ring of protection from fire
Wands
 F - a wand of flame (44)
 I - a wand of acid (10)
 S - a wand of iceblast (5)
 Z - a wand of paralysis (27)
Scrolls
 d - a scroll of summoning
 g - 3 scrolls of fear
 i - 2 scrolls of blinking
 j - 2 scrolls of fog
 l - 8 scrolls of teleportation
 r - 2 scrolls of noise
 C - a scroll of silence
 H - 3 scrolls of poison
 N - 2 scrolls of immolation
 R - 2 scrolls of torment
 W - a scroll of vulnerability
Potions
 a - 4 potions of haste
 c - 4 potions of might
 f - a potion of magic
 h - 4 potions of heal wounds
 k - 2 potions of enlightenment
 o - a potion of ambrosia
 q - 3 potions of lignification
 s - 2 potions of mutation
 u - 3 potions of curing
 w - 4 potions of cancellation
 x - a potion of berserk rage
 z - 3 potions of attraction
 A - a potion of resistance
 B - a potion of brilliance
Miscellaneous
 U - a phial of floods
 V - a lightning rod (4/4)


   Skills:
 + Level 3.9 Fighting
 + Level 3.4 Short Blades
 + Level 0.3 Armour
 + Level 10.7 Dodging
 + Level 11.6 Stealth
 + Level 3.6 Shields
 * Level 14.6 Spellcasting
 + Level 12.1 Conjurations
 + Level 1.7 Summonings
 + Level 6.1 Fire Magic
 + Level 6.2 Ice Magic
 + Level 1.5 Evocations


You had 12 spell levels left.
You knew the following spells:

 Your Spells              Type           Power      Damage    Failure   Level
a - Magic Dart            Conj           100%       1d8       0%          1
b - Searing Ray           Conj           100%       2d8       1%          2
c - Fulminant Prism       Conj/Hex       27%        3d14      1%          4
d - Iskenderun's Mystic   Conj/Tloc      55%        2d12      1%          4
e - Freezing Cloud        Conj/Ice/Air   36%        6-21      1%          5
f - Arcjolt               Conj/Air       27%        1d37      1%          5
g - Mephitic Cloud        Conj/Pois/Air  46%        N/A       1%          3
h - Spellforged Servitor  Conj/Summ      29%        N/A       32%         7

Your spell library contained the following spells:

 Spells                   Type           Power      Damage    Failure   Level
 Summon Small Mammal      Summ           100%       N/A       1%          1
 Poisonous Vapours        Pois/Air       42%        N/A       1%          2
 Dazzling Flash           Conj/Hex       100%       N/A       1%          3
 Apportation              Tloc           42%        N/A       2%          1
 Necrotise                Necr           84%        1d8       2%          1
 Cigotuvi's Dreadful Rot  Necr/Pois/Air  42%        N/A       4%          2
 Dispel Undead            Necr           21%        3d11      28%         4
 Alistair's Intoxication  Tmut/Pois      14%        N/A       61%         5
 Borgnjor's Vile Clutch   Necr/Erth      10%        N/A       61%         5
 Eringya's Noxious Bog    Tmut/Pois      10%        4d6       69%         6
 Death Channel            Necr           10%        N/A       99%         6


Dungeon Overview and Level Annotations

Branches:
Dungeon (9/15)             Temple (1/1) D:6            Lair (5/5) D:8
  Swamp (4/4) Lair:3        Snake (0/4) Lair:2        Slime (0/5) Lair:5
    Orc: D:9-12

Altars:
Ashenzari
Cheibriados
Dithmenos
Fedhas
Gozag
Hepliaklqana
Kikubaaqudgha
Makhleb
Nemelex Xobeh
Okawaru
Qazlal
Ru
Sif Muna
Trog
Uskayaw
Vehumet
Wu Jian
Xom
Yredelemnul
Jiyva
Lugonu

Shops:
D:1 =   D:2 (   D:5 [

Annotations:
D:9 2 transporters
Swamp:4 Mlioglotl


Innate Abilities, Weirdness & Mutations

You have very sharp fingernails.
A meltable icy envelope protects you from harm. (AC +4)
You sometimes gain power by taking damage.
You are completely covered in razor-sharp scales. (AC +3, Slay +3)
A meltable shield of frost defends you. (SH +4)
You are strong-willed. (Will+)


Message History

You feel your power returning.
The mystic blast hits the ghoul.
The ghoul is almost destroyed.
The ghoul is knocked back by the mystic blast.
The ghoul collides with the foxfire!
The foxfire is lightly damaged.
The ghoul is almost destroyed.
A fenstrider witch comes into view.
A soul eater comes into view.
Casting: Iskenderun's Mystic Blast (mildly dangerous; 1% risk of failure)
Confirm with . or Enter, or press ? or * to list all spells.
You erupt in a blast of force!
The mystic blast hits the ghoul!
You destroy the ghoul!
Vehumet accepts your kill.
You feel your power returning.
The foxfire dissipates!
A spriggan druid comes into view. It is wielding a +0 quarterstaff.
Casting: Iskenderun's Mystic Blast (mildly dangerous; 1% risk of failure)
Confirm with . or Enter, or press ? or * to list all spells.
Aiming: Freezing Cloud (dangerous; 1% risk of failure)
Press: ? - help, Dir - move target, f - fenstrider witch
Aim: a fenstrider witch, wearing a +0 robe You feel a surge of power!
The fenstrider witch is engulfed in freezing vapours.
The fenstrider witch points at you and mumbles some strange words.
The toxic sludge hits you.
You are poisoned.
You feel very sick.
You feel very sick.
There is an empty arch of ancient stone here.
You feel very sick.
You feel sick.
You feel sick.
You feel sick.
You feel sick.
The fenstrider witch casts a spell at you.
You suddenly lose the ability to move!
You feel sick. x2
The fenstrider witch hits you!
* * * LOW HITPOINT WARNING * * *
The fenstrider witch kicks you!
You die...

~....~♣.~~~~~~~..♣~.~~~~~≈≈≈~..≈≈
....~..~~~~~~~~..♣♣.~~~.~~≈≈≈≈≈≈≈
..~..~~~~~.#########♣♣♣♣.~~≈≈≈≈≈≈
..~......###)~.♣.~~## ♣♣[~~≈~≈~~
~~.~~♣.###♣~~.♣♣♣~.~♣### .
.~~~♣♣##~~~~~.~♣~~.~~~.## ♣
.~..~##~##~.~~.♣~~~~~##~## ♣
....## #∩##♣~~♣~H♣##∩#~~#
..~~#♣~~~#~##~~♣@~##~#~§.♣#
..~##~.~~#..##♣~♣##.~#~~~~# ♣
~..#♣~~..##~.##♣##.H##.~~~♣# .♣
...#.~~~~ #~~~♣#♣~3~#♣~§~~~#..
..#[....~ ##♣~§.~i♣##.§~~§~~#
..#~~♣~.~ #§§~~~##)...♣~§§#
.~#~~~§~~ ♣...~~♣##...~~~.#
..#~~~~♣ ♣~~8..♣####♣~.§~# ..#
~♣## #~.~♣~~~#§.###♣~~#


You could see a fenstrider witch.

Vanquished Creatures
  A tentacled monstrosity (Swamp:3)
  Jorgrun (Swamp:1)
  A ghoul (Swamp:4)
  4 eleionomae
  11 bunyips
  A green death (Swamp:4)
  Fannar (Lair:2)
  2 ghost crabs
  An ogre mage (Swamp:4)
  13 hydras
  Erica (Lair:2)
  A merfolk avatar (Lair:5)
  9 alligators
  4 death yaks
  A soul eater (Swamp:4)
  3 skysharks
  A sea snake (Lair:5)
  3 spriggan druids
  5 swamp dragons
  A bog body (Swamp:3)
  2 goliath frogs
  Pikel (D:7)
  A wizard (Swamp:4)
  An orc sorcerer (Swamp:4)
  2 deep elf zephyrmancers (Swamp:4)
  A manticore (Lair:5)
  10 elephants (Lair:5)
  3 will-o-the-wisps
  A torpor snail (Lair:1)
  4 black mambas
  An orange demon (Swamp:4)
  5 rime drakes
  13 cane toads
  11 komodo dragons
  5 tyrant leeches
  A bloated husk (Swamp:1)
  3 polar bears
  2 hellwings (Swamp:4)
  Grinder (D:6)
  35 blink frogs
  7 hornets
  3 snapping turtles (Lair:5)
  6 spriggans
  Sigmund (D:3)
  4 wyverns
  7 yaks
  3 basilisks
  A chaos spawn (Swamp:4)
  A neqoxec (Swamp:4)
  A steam dragon (Lair:5)
  7 vampire mosquitoes
  Menkaure (D:4)
  Edmund (D:6)
  Duvessa (D:7)
  12 swamp worms
  A naga (Lair:2)
  12 water moccasins
  4 orc warriors
  A swamp drake (Swamp:1)
  3 black bears
  2 sky beasts
  2 ice beasts
  An ogre (D:6)
  21 wolves
  2 kobold brigands (D:9)
  12 bullfrogs
  3 gnoll sergeants
  4 scorpions
  3 wights (D:9)
  Dowan (D:7)
  10 killer bees
  4 electric eels
  3 howler monkeys
  3 lava snakes
  6 hounds
  10 orc priests
  2 gnoll boudas (D:5)
  5 jellies
  Jessica (D:3)
  9 orc wizards
  3 sleepcaps
  10 hell rats (Lair:5)
  17 gnolls
  6 adders
  2 white imps
  A worm (D:2)
  5 dart slugs
  49 orcs
  5 endoplasms
  3 giant cockroaches
  7 hobgoblins
  3 jackals (D:1)
  18 kobolds
  3 quokkas
  10 ball pythons
  10 bats
  6 frilled lizards
  8 goblins
  10 rats
  4 spectral weapons
  2 starspawn tentacles (Swamp:4)
531 creatures vanquished.

Vanquished Creatures (others)
  A swamp drake (Swamp:2)
  A kobold (D:9)
  11 foxfires
  37 fulminant prisms
  4 spectral weapons
  3 starspawn tentacles (Swamp:4)
57 creatures vanquished.

Grand Total: 588 creatures vanquished

Notes
Turn   | Place    | Note
-------+----------+-------------------------------------------
     0 | D:1      | javelincjr the Demonspawn Conjurer began the quest for the
                  | Orb.
     0 | D:1      | Reached XP level 1. HP: 13/13 MP: 3/3
   290 | D:1      | Gained mutation: A meltable shield of frost defends you.
                  | (SH +4) [demonic ancestry]
   290 | D:1      | Reached XP level 2. HP: 19/19 MP: 0/5
   436 | D:1      | Found Lareofet's Jewellery Boutique.
   904 | D:1      | Reached XP level 3. HP: 24/24 MP: 3/6
  1870 | D:2      | Found Roha's Weapon Emporium.
  1981 | D:2      | Gained mutation: You sometimes gain a little power by
                  | taking damage. [demonic ancestry]
  1981 | D:2      | Reached XP level 4. HP: 25/30 MP: 1/8
  2080 | D:2      | Learned a level 2 spell: Searing Ray
  2319 | D:2      | Found a faded altar of an unknown god.
  2648 | D:3      | Found a shimmering altar of Xom.
  3046 | D:3      | Reached skill level 3 in Spellcasting
  3089 | D:3      | Found a snail-covered altar of Cheibriados.
  3259 | D:3      | Noticed Sigmund
  3273 | D:3      | Killed Sigmund
  3274 | D:3      | Gained mutation: You have sharp fingernails. [demonic
                  | ancestry]
  3274 | D:3      | Reached XP level 5. HP: 18/35 MP: 6/10
  3274 | D:3      | Reached XP level 6. HP: 21/41 MP: 6/11
  3389 | D:3      | Found a shimmering altar of Xom.
  3390 | D:3      | Found a shimmering altar of Xom.
  3390 | D:3      | Found a shimmering altar of Xom.
  3392 | D:3      | Found a shimmering altar of Xom.
  3453 | D:3      | Found a shadowy altar of Dithmenos.
  3571 | D:3      | Noticed Jessica
  3580 | D:3      | Killed Jessica
  3957 | D:4      | Reached skill level 4 in Spellcasting
  3992 | D:4      | Reached skill level 5 in Conjurations
  4105 | D:4      | Noticed Menkaure
  4248 | D:4      | Killed Menkaure
  4544 | D:4      | Reached XP level 7. HP: 46/46 MP: 8/13
  5170 | D:5      | Entered Level 5 of the Dungeon
  5190 | D:5      | Found Varusu's Armour Shoppe.
  5361 | D:5      | Reached skill level 5 in Spellcasting
  5530 | D:5      | Found a blossoming altar of Fedhas.
  5954 | D:5      | Gained mutation: A meltable icy envelope protects you from
                  | harm. (AC +4) [demonic ancestry]
  5954 | D:5      | Reached XP level 8. HP: 52/52 MP: 9/16
  6013 | D:5      | Found a hazy altar of Hepliaklqana.
  6157 | D:6      | Found an iron altar of Okawaru.
  6266 | D:6      | Found a staircase to the Ecumenical Temple.
  6275 | Temple   | Entered the Ecumenical Temple
  6295 | Temple   | Became a worshipper of Vehumet
  6383 | D:6      | Reached skill level 6 in Spellcasting
  6490 | D:6      | Noticed Edmund
  6506 | D:6      | Killed Edmund
  6507 | D:6      | Reached skill level 5 in Stealth
  7052 | D:6      | Noticed Grinder
  7059 | D:6      | Learned a level 4 spell: Fulminant Prism
  7064 | D:6      | Learned a level 4 spell: Iskenderun's Mystic Blast
  7076 | D:6      | Reached skill level 5 in Dodging
  7148 | D:6      | Killed Grinder
  7149 | D:6      | Reached skill level 7 in Spellcasting
  7149 | D:6      | Gained mutation: You are partially covered in razor-sharp
                  | scales. (AC +1, Slay +1) [demonic ancestry]
  7149 | D:6      | Reached XP level 9. HP: 57/57 MP: 12/19
  7488 | D:6      | Found a shimmering blue altar of Sif Muna.
  8108 | D:7      | Reached * piety under Vehumet
  8108 | D:7      | Offered knowledge of Sandblast by Vehumet.
  8366 | D:7      | Noticed Duvessa
  8518 | D:7      | Killed Duvessa
  8519 | D:7      | Reached skill level 8 in Spellcasting
  8531 | D:7      | Noticed Dowan
  8537 | D:7      | Killed Dowan
  9034 | D:7      | Noticed Pikel
  9053 | D:7      | Killed Pikel
  9361 | D:7      | Upgraded the game from 0.31-a0-654-gbe3e110b4e to
                  | 0.31-a0-656-gb4d89c20fa
  9534 | D:8      | Noticed a komodo dragon
  9540 | D:8      | Found a staircase to the Lair.
  9552 | D:8      | Noticed a komodo dragon
  9555 | D:8      | Killed a komodo dragon
  9556 | D:8      | Reached XP level 10. HP: 54/63 MP: 3/22
  9859 | D:8      | Reached ** piety under Vehumet
  9869 | D:8      | Offered knowledge of Kiss of Death by Vehumet.
  9870 | D:8      | Reached skill level 9 in Spellcasting
 10801 | D:9      | Found a transporter.
 10801 | D:9      | Noticed a cyan ugly thing
 10803 | D:9      | Noticed a cyan ugly thing
 10805 | D:9      | Found a transporter.
 10805 | D:9      | Found a corrupted altar of Lugonu.
 10805 | D:9      | Noticed a brown ugly thing
 11013 | D:9      | Offered knowledge of Stone Arrow by Vehumet.
 11167 | D:9      | Noticed a +0 hand axe
 11173 | D:9      | Noticed a +0 hand axe
 11179 | D:9      | Found a hide-covered altar of Uskayaw.
 11302 | D:9      | Reached *** piety under Vehumet
 11556 | D:9      | Learned a level 5 spell: Freezing Cloud
 12221 | D:1      | Bought the amulet of Symmetry {Reflect Dex+4 SH+5} for 544
                  | gold pieces
 12403 | Lair:1   | Entered Level 1 of the Lair of Beasts
 12403 | Lair:1   | Noticed a black mamba
 12410 | Lair:1   | Killed a black mamba
 12411 | Lair:1   | Reached skill level 10 in Spellcasting
 12433 | D:8      | Reached XP level 11. HP: 24/68 MP: 5/25
 12706 | Lair:1   | Offered knowledge of Volatile Blastmotes by Vehumet.
 14085 | Lair:2   | Noticed Fannar
 14158 | Lair:2   | Noticed a death yak
 14539 | Lair:2   | Found a staircase to the Snake Pit.
 14623 | Lair:2   | Reached **** piety under Vehumet
 14779 | Lair:1   | Killed a death yak
 14780 | Lair:1   | Reached skill level 11 in Spellcasting
 14833 | Lair:2   | Killed Fannar
 15512 | Lair:2   | Noticed Erica
 15519 | Lair:2   | Killed Erica
 16027 | Lair:3   | Gained mutation: You have very sharp fingernails. [demonic
                  | ancestry]
 16027 | Lair:3   | Reached XP level 12. HP: 74/74 MP: 17/27
 16077 | Lair:3   | Offered knowledge of Irradiate by Vehumet.
 16078 | Lair:3   | Reached skill level 10 in Conjurations
 16208 | Lair:3   | Noticed an eleionoma
 16215 | Lair:3   | Killed an eleionoma
 16353 | Lair:3   | Reached skill level 1 in Ice Magic
 16390 | Lair:3   | Reached skill level 1 in Fire Magic
 16480 | Lair:3   | You fall into a shaft and drop 2 floors!
 16480 | Lair:5   | Entered Level 5 of the Lair of Beasts
 16480 | Lair:5   | Noticed an eight-headed hydra
 16487 | Lair:5   | Reached skill level 12 in Spellcasting
 16491 | Lair:5   | Killed an eight-headed hydra
 16552 | Lair:5   | Reached ***** piety under Vehumet
 16710 | Lair:5   | Reached skill level 10 in Stealth
 16727 | Lair:5   | Offered knowledge of Sticky Flame by Vehumet.
 16860 | Lair:5   | Gained mutation: You are mostly covered in razor-sharp
                  | scales. (AC +2, Slay +2) [demonic ancestry]
 16860 | Lair:5   | Reached XP level 13. HP: 79/79 MP: 13/29
 17530 | Lair:5   | Found a viscous altar of Jiyva.
 17530 | Lair:5   | Found a staircase to the Slime Pits.
 17931 | Lair:3   | Reached skill level 13 in Spellcasting
 18171 | Lair:3   | Found a staircase to the Swamp.
 19614 | Lair:5   | Offered knowledge of Arcjolt by Vehumet.
 19621 | Lair:5   | Learned a level 5 spell: Arcjolt
 20556 | Lair:5   | Identified the staff of Terra Cotta {rElec rC+ Conj}
 20558 | Lair:5   | Identified the +11 dagger "Jioklich" {spect, Fly rElec rF-
                  | Str+4}
 20839 | Lair:5   | Identified the +0 pair of boots of Sin {Regen+ Str+4 Int-2}
 20844 | Lair:5   | Learned a level 3 spell: Mephitic Cloud
 21507 | Swamp:1  | Entered Level 1 of the Swamp
 21521 | Swamp:1  | Noticed a bunyip
 21523 | Swamp:1  | Noticed an eleionoma
 21529 | Swamp:1  | Killed a bunyip
 21530 | Swamp:1  | Reached skill level 10 in Dodging
 21537 | Swamp:1  | Noticed a bunyip
 21542 | Swamp:1  | Killed an eleionoma
 21552 | Swamp:1  | Killed a bunyip
 21553 | Swamp:1  | Gained mutation: You are completely covered in razor-sharp
                  | scales. (AC +3, Slay +3) [demonic ancestry]
 21553 | Swamp:1  | Reached XP level 14. HP: 64/85 MP: 16/31
 21815 | Swamp:1  | Reached skill level 5 in Fire Magic
 21815 | Swamp:1  | Reached skill level 5 in Ice Magic
 21822 | Swamp:1  | Noticed Jorgrun
 21838 | Swamp:1  | Killed Jorgrun
 21839 | Swamp:1  | Reached skill level 1 in Fighting
 21882 | Swamp:1  | Reached skill level 1 in Short Blades
 21882 | Swamp:1  | Reached skill level 1 in Shields
 22631 | Swamp:2  | Reached skill level 14 in Spellcasting
 23303 | Swamp:2  | Found a shimmering altar of Xom.
 23995 | Swamp:3  | Noticed a tentacled monstrosity
 24011 | Swamp:3  | Killed a tentacled monstrosity
 24157 | Swamp:3  | Offered knowledge of Spellforged Servitor by Vehumet.
 24166 | Swamp:3  | Learned a level 7 spell: Spellforged Servitor
 24519 | Swamp:3  | Gained mutation: You sometimes gain power by taking damage.
                  | [demonic ancestry]
 24519 | Swamp:3  | Reached XP level 15. HP: 53/98 MP: 20/33
 24880 | Swamp:4  | Entered Level 4 of the Swamp
 24880 | Swamp:4  | Noticed Mlioglotl
 25311 | Swamp:4  | Reached skill level 1 in Summonings
 25347 | Swamp:4  | Reached skill level 1 in Evocations
 25827 | Swamp:4  | Noticed a tentacled starspawn
 25959 | Swamp:4  | Noticed a tentacled starspawn
 25964 | Swamp:4  | Noticed a tentacled starspawn
 26023 | Swamp:4  | Gained mutation: You are strong-willed. (Will+) [a neqoxec]
 26365 | Swamp:4  | Noticed a hellephant
 26708 | Swamp:4  | Noticed a fenstrider witch
 26722 | Swamp:4  | Paralysed by a fenstrider witch for 5 turns
 26724 | Swamp:4  | Slain by a fenstrider witch

Illustrated notes

Levels and vault maps discovered:
D:1:      ncdulo_halloftheorcs, layout_loops_cross, serial_shops, shop,
          serial_glass, glass_columns_b, glass_columns_c, glass_columns_a,
          glass_columns_b, glass_columns_b, reono_crystal_passage,
          minmay_misc_feat_five, minmay_bisected
D:2:      layout_loops_corners, shapermc_ecumenical_altar_venn, serial_shops,
          shop
D:3:      layout_loops_corners, mainiacjoe_overflow_boulevard,
          overflow_temple_1_default, xom_redecorated, amethyst_killhole,
          kennysheep_jessica_study, uniq_sigmund
D:4:      layout_cave_pods, uniq_menkaure
D:5:      layout_rooms, mainiacjoe_overflow_brackets, kennysheep_little_box,
          serial_shops, shop
D:6:      layout_cave_pools, okawaru_metal_pillars_1_2, lemuel_blue_sif_altar,
          minmay_temple_entry_antechambers, minivault_4, nicolae_lava_and_water,
          kennysheep_generic_room_16, uniq_grinder, uniq_edmund
D:7:      layout_basic, marbit_many_paths, kennysheep_cross_room,
          minmay_diced_spiral, uniq_pikel, uniq_duvessa
D:8:      layout_layer_cave, due_lair_maze_entry_diamond
D:9:      gammafunk_corrupted_shrine, layout_loops_ring, dancing_weapons_uskayaw
Temple:   compressed_dpeg_triangle_lava_temple
Lair:1:   layout_hall_layers, nicolae_lair_liquid_snakes
Lair:2:   layout_small_grid, guppyfry_snake_entry_island,
          chequers_serial_rivers_small_a, uniq_erica, uniq_fannar
Lair:3:   layout_roguey, alex1729_swamp_entry_worm_eleionoma
Lair:4:   layout_small_grid, chequers_serial_rivers_micro_c,
          infiniplex_staircase_pool
Lair:5:   gammafunk_lair_ancient_temple, layout_cave_pods,
          nicolae_slime_entry_field_trip, columned_hall_lemuel,
          chequers_serial_rivers_micro_b, serial_bayou_shore_a,
          serial_bayou_shore_b
Swamp:1:  layout_falls_marsh, nicolae_swamp_some_circles, uniq_jorgrun
Swamp:2:  layout_falls_marsh, basic_altar, swamp_pool1, nicolae_swamp_treefoil,
          nicolae_swamp_bunyip_nook
Swamp:3:  layout_falls_marsh, hangedman_swamp_ruin_wall
Swamp:4:  nzn_swamp_witches_coven, layout_basic_swamp, swamp_pool1,
          nicolae_swamp_well_well_well, infiniplex_staircase_pool_2,
          uniq_mlioglotl

Skill      XL: |  1  2  3  4  5  6  7  8  9 10 11 12 13 14 15 |
---------------+----------------------------------------------+-----
Stealth        | 2 3 4 5 6 7 9 10 11 | 11.6
Dodging        | 2 3 4 5 6 7 8 9 10 | 10.7
Spellcasting   | 3 4 5 7 8 10 11 12 13 14 | 14.6
Conjurations   | 5 6 7 8 9 10 11 12 | 12.1
Ice Magic      | 3 4 5 6 |  6.2
Fire Magic     | 3 4 5 6 |  6.1
Fighting       | 3 |  3.9
Short Blades   | 2 3 |  3.4
Shields        | 3 |  3.6
Summonings     | 1 |  1.7
Evocations     | 1 |  1.5
Armour         | |  0.3

Action                     |  1- 3 |  4- 6 |  7- 9 | 10-12 | 13-15 || total
---------------------------+-------+-------+-------+-------+-------++-------
  Melee: Unarmed           |     3 |       |       |       |       ||     3
         Short sword       |     8 |    23 |    76 |       |       ||   107
         Punch             |       |     2 |       |       |       ||     2
         Quarterstaff      |       |       |    26 |   182 |    74 ||   282
         Dagger            |       |       |       |       |    84 ||    84
   Cast: Magic Dart        |   101 |    76 |   173 |    91 |   118 ||   559
         Searing Ray       |       |     7 |    40 |    14 |    15 ||    76
         Iskenderun's Myst |       |       |    11 |    78 |   163 ||   252
         Fulminant Prism   |       |       |     3 |    29 |     5 ||    37
         Freezing Cloud    |       |       |       |    60 |   190 ||   250
         Arcjolt           |       |       |       |       |     2 ||     2
         Mephitic Cloud    |       |       |       |       |     1 ||     1
    Use: Potion            |       |       |     1 |     2 |     2 ||     5
         Scroll            |       |       |     8 |     9 |    17 ||    34
   Stab: Sleeping          |     2 |     1 |       |       |     2 ||     5
         Distracted        |       |       |       |     3 |     3 ||     6
 Armour: Robe              |     3 |     6 |    30 |    30 |    41 ||   110
         Skin              |       |       |       |       |     2 ||     2
  Dodge: Dodged            |    14 |    20 |   118 |   200 |   133 ||   485
  Block: Other             |     2 |     9 |    25 |    84 |    33 ||   153
         Reflection        |       |       |       |       |     4 ||     4
         Buckler           |       |       |       |       |    84 ||    84

Table legend: (Time is in decaauts)
 A = Elapsed time spent in this place.
 B = Non-inter-level travel time spent in this place.
 C = Inter-level travel time spent in this place.
 D = Time resting spent in this place.
 E = Time spent auto-exploring this place.
 F = Levels seen in this place.
 G = Mean time per level.
                   A        B        C        D        E       F      G
               +--------+--------+--------+--------+--------+-----+--------+
         Total |  26865 |  25807 |   1058 |   4588 |  16863 |  19 | 1413.9 |
       Dungeon |  12613 |  12007 |    606 |   1445 |   8946 |   9 | 1401.4 |
        Temple |     36 |      6 |     30 |      0 |      0 |   1 |   36.0 |
          Lair |   8990 |   8705 |    285 |   1526 |   5543 |   5 | 1798.0 |
         Swamp |   5224 |   5088 |    136 |   1617 |   2374 |   4 | 1306.0 |
               +--------+--------+--------+--------+--------+-----+--------+

Top non-repeatable levels by time:
  Lair:5: 2797 daAuts
  Lair:1: 1867 daAuts
 Swamp:3: 1785 daAuts
     D:7: 1686 daAuts
     D:6: 1639 daAuts
     D:8: 1583 daAuts
  Lair:3: 1581 daAuts
  Lair:2: 1479 daAuts
     D:3: 1434 daAuts
 Swamp:2: 1425 daAuts
     D:2: 1405 daAuts
     D:9: 1377 daAuts
     D:1: 1359 daAuts
  Lair:4: 1264 daAuts
     D:4: 1150 daAuts
